TOP OF THE 1ST |
Austin River Sharks batting - Pitching for St Charles Sheens : RHP Tom Wallace
|
Pitching: RHP Tom Wallace
|
|
Batting: RHB Tom Rowe
|
0-0: SINGLE (Groundball, 5) (infield hit)
|
Batting: SHB Ramiro Medrano
|
0-0: Ball 1-0: Called Strike 1-1: Ball 2-1: Called Strike 2-2: Fielders Choice at 2nd, 5-4 (Groundball, 5)
|
Batting: LHB Bo Rush
|
0-0: Grounds into double play, 4-6-3 (Groundball, 4)
|
Top of the 1st over - 0 runs, 1 hit, 0 errors, 0 left on base; Austin 0 - St Charles 0 |
BOTTOM OF THE 1ST |
St Charles Sheens batting - Pitching for Austin River Sharks : RHP Carlos Hernández
|
Pitching: RHP Carlos Hernández
|
|
Batting: LHB Randy Wiggins
|
0-0: Foul Ball, location: 2F 0-1: Called Strike 0-2: Ball 1-2: Ball 2-2: Strikes out swinging
|
Batting: RHB Salvador Medine
|
0-0: Ball 1-0: Foul Ball, location: 2F 1-1: Ball 2-1: Foul Ball, location: 2F 2-2: Ball 3-2: Foul Ball, location: 2F 3-2: Ground out 4-3 (Groundball, 4M)
|
Batting: LHB Benny Richard
|
0-0: Ball 1-0: Called Strike 1-1: Called Strike 1-2: Strikes out swinging
|
Bottom of the 1st over - 0 runs, 0 hits, 0 errors, 0 left on base; Austin 0 - St Charles 0 |
TOP OF THE 2ND |
Austin River Sharks batting - Pitching for St Charles Sheens : RHP Tom Wallace
|
Batting: LHB Russell Peck
|
0-0: SINGLE (Groundball, 4M) (infield hit)
|
Batting: RHB Jorge Balencia
|
0-0: Ball 1-0: Ball 2-0: Ball 3-0: Base on Balls Russell Peck to second
|
Batting: RHB Ismael Ortíz
|
0-0: Called Strike 0-1: Called Strike 0-2: Strikes out swinging
|
Batting: RHB César Rodríguez
|
0-0: Called Strike 0-1: Swinging Strike 0-2: Ball 1-2: Strikes out looking
|
Batting: RHB Travis Colbert
|
0-0: Ball 1-0: Swinging Strike 1-1: Foul Ball, location: 2F 1-2: Ground out 4-3 (Groundball, 4)
|
Top of the 2nd over - 0 runs, 1 hit, 0 errors, 2 left on base; Austin 0 - St Charles 0 |
BOTTOM OF THE 2ND |
St Charles Sheens batting - Pitching for Austin River Sharks : RHP Carlos Hernández
|
Batting: RHB Víctor Arredondo
|
0-0: Ground out 6-3 (Groundball, 6)
|
Batting: RHB Rob Brady
|
0-0: Called Strike 0-1: Ground out 4-3 (Groundball, 4)
|
Batting: LHB Nick Gamble
|
0-0: Swinging Strike 0-1: Ball 1-1: Called Strike 1-2: Ground out 6-3 (Groundball, 6)
|
Bottom of the 2nd over - 0 runs, 0 hits, 0 errors, 0 left on base; Austin 0 - St Charles 0 |
TOP OF THE 3RD |
Austin River Sharks batting - Pitching for St Charles Sheens : RHP Tom Wallace
|
Batting: RHB Luis Suárez
|
0-0: Ball 1-0: Called Strike 1-1: Swinging Strike 1-2: Foul Ball, location: 2F 1-2: Ball 2-2: Foul Ball, location: 2F 2-2: Ball 3-2: Strikes out looking
|
Batting: RHB Tom Rowe
|
0-0: Ball 1-0: Called Strike 1-1: Fly out, F8 (Flyball, 8LS)
|
Batting: SHB Ramiro Medrano
|
0-0: SINGLE (Groundball, 4MD)
|
Batting: LHB Bo Rush
|
0-0: Called Strike 0-1: Ball 1-1: SINGLE (Line Drive, 8RS) Ramiro Medrano to second
|
Batting: LHB Russell Peck
|
0-0: Ball 1-0: Ball 2-0: SINGLE (Line Drive, 8LS) Ramiro Medrano to third Bo Rush to second Runner from 3rd tries for Home, SAFE, no throw
|
Batting: RHB Jorge Balencia
|
0-0: Swinging Strike 0-1: Foul Ball, location: 2F 0-2: Strikes out swinging
|
Top of the 3rd over - 1 run, 3 hits, 0 errors, 2 left on base; Austin 1 - St Charles 0 |
BOTTOM OF THE 3RD |
St Charles Sheens batting - Pitching for Austin River Sharks : RHP Carlos Hernández
|
Batting: RHB Ryan Parrish
|
0-0: Ball 1-0: Fly out, F8 (Flyball, 8LS)
|
Batting: RHB Clarence Harrison
|
0-0: Fly out, F9 (Flyball, 9)
|
Batting: RHB Lúcio Alfaro
|
0-0: Ball 1-0: Ground out 1-3 (Groundball, 15S)
|
Bottom of the 3rd over - 0 runs, 0 hits, 0 errors, 0 left on base; Austin 1 - St Charles 0 |
TOP OF THE 4TH |
Austin River Sharks batting - Pitching for St Charles Sheens : RHP Tom Wallace
|
Batting: RHB Ismael Ortíz
|
0-0: Called Strike 0-1: Ground out 1-3 (Groundball, P)
|
Batting: RHB César Rodríguez
|
0-0: Called Strike 0-1: Called Strike 0-2: Strikes out swinging
|
Batting: RHB Travis Colbert
|
0-0: Called Strike 0-1: Foul Ball, location: 2F 0-2: Fly out, F9 (Flyball, 9D)
|
Top of the 4th over - 0 runs, 0 hits, 0 errors, 0 left on base; Austin 1 - St Charles 0 |
BOTTOM OF THE 4TH |
St Charles Sheens batting - Pitching for Austin River Sharks : RHP Carlos Hernández
|
Batting: LHB Randy Wiggins
|
0-0: Swinging Strike 0-1: Called Strike 0-2: Ball 1-2: Foul Ball, location: 2F 1-2: Ball 2-2: Fly out, F5 (Popup, 5SF)
|
Batting: RHB Salvador Medine
|
0-0: Called Strike 0-1: Swinging Strike 0-2: Ball 1-2: Strikes out swinging
|
Batting: LHB Benny Richard
|
0-0: Ball 1-0: Ground out U3 (Groundball, 3)
|
Bottom of the 4th over - 0 runs, 0 hits, 0 errors, 0 left on base; Austin 1 - St Charles 0 |
TOP OF THE 5TH |
Austin River Sharks batting - Pitching for St Charles Sheens : RHP Tom Wallace
|
Pitching: RHP José González
|
|
Batting: RHB Luis Suárez
|
0-0: Foul Ball, location: 2F 0-1: Hit by Pitch
|
Batting: RHB Tom Rowe
|
0-0: Ball 1-0: Ball 2-0: Called Strike 2-1: Called Strike 2-2: Ball 3-2: Fly out, F9 (Flyball, 9S)
|
Batting: SHB Ramiro Medrano
|
0-0: Ball 1-0: Called Strike 1-1: Ball 2-1: Ball 3-1: Foul Ball, location: 2F 3-2: Base on Balls Luis Suárez to second
|
Batting: LHB Bo Rush
|
0-0: Called Strike 0-1: Called Strike Throwing error on steal attempt, E2 Luis Suárez scores Ramiro Medrano to third 0-2: Ball 1-2: Ball 2-2: Foul Ball, location: 2F 2-2: Ball 3-2: Strikes out looking
|
Batting: LHB Russell Peck
|
0-0: Ball Wild Pitch! Ramiro Medrano scores 1-0: Ball 2-0: Called Strike 2-1: Ground out 6-3 (Groundball, 6)
|
Top of the 5th over - 2 runs, 0 hits, 1 error, 0 left on base; Austin 3 - St Charles 0 |
BOTTOM OF THE 5TH |
St Charles Sheens batting - Pitching for Austin River Sharks : RHP Carlos Hernández
|
Pitching: RHP Edward Cadle
|
|
Batting: RHB Víctor Arredondo
|
0-0: Called Strike 0-1: Ball 1-1: Foul Ball, location: 2F 1-2: Foul Ball, location: 2F 1-2: Ground out 6-3 (Groundball, 6)
|
Batting: RHB Rob Brady
|
0-0: Ball 1-0: Ball 2-0: Ball 3-0: Called Strike 3-1: Base on Balls
|
Batting: LHB Nick Gamble
|
0-0: Called Strike 0-1: Ball 1-1: Ball 2-1: Foul Ball, location: 2F 2-2: Foul Ball, location: 2F 2-2: Ground out 5-3 (Groundball, 56S) Rob Brady to second
|
Batting: RHB Ryan Parrish
|
0-0: Swinging Strike 0-1: SINGLE (Groundball, 56D) Rob Brady to third Runner from 3rd tries for Home, SAFE, no throw
|
Batting: RHB Clarence Harrison
|
0-0: Ball 1-0: Swinging Strike 1-1: Ball 2-1: Ball 3-1: Fielders Choice at 2nd, 6-4 (Groundball, 6)
|
Bottom of the 5th over - 1 run, 1 hit, 0 errors, 1 left on base; Austin 3 - St Charles 1 |
TOP OF THE 6TH |
Austin River Sharks batting - Pitching for St Charles Sheens : RHP José González
|
Pitching: RHP Augusto Herrera
|
|
Batting: RHB Jorge Balencia
|
0-0: Foul Ball, location: 2F 0-1: Swinging Strike 0-2: Ball 1-2: Strikes out looking
|
Batting: RHB Ismael Ortíz
|
0-0: Ball 1-0: Fly out, F8 (Flyball, 8RM)
|
Batting: RHB César Rodríguez
|
0-0: Swinging Strike 0-1: Swinging Strike 0-2: Ball 1-2: SINGLE (Line Drive, 34D)
|
Batting: RHB Travis Colbert
|
0-0: Called Strike 0-1: Ball César Rodríguez is caught stealing 2nd base
|
Top of the 6th over - 0 runs, 1 hit, 0 errors, 0 left on base; Austin 3 - St Charles 1 |
BOTTOM OF THE 6TH |
St Charles Sheens batting - Pitching for Austin River Sharks : RHP Edward Cadle
|
Batting: RHB Lúcio Alfaro
|
0-0: Called Strike 0-1: Ball 1-1: Ground out 4-3 (Groundball, 4S)
|
Batting: LHB Randy Wiggins
|
0-0: Ball 1-0: Foul Ball, location: 2F 1-1: Ground out 5-3 (Groundball, 56)
|
Batting: RHB Salvador Medine
|
0-0: SINGLE (Groundball, 6S) (infield hit)
|
Batting: LHB Benny Richard
|
0-0: Called Strike 0-1: Fly out, F7 (Flyball, 7)
|
Bottom of the 6th over - 0 runs, 1 hit, 0 errors, 1 left on base; Austin 3 - St Charles 1 |
TOP OF THE 7TH |
Austin River Sharks batting - Pitching for St Charles Sheens : RHP Augusto Herrera
|
Batting: RHB Travis Colbert
|
0-0: Foul Ball, location: 2F 0-1: Foul Ball, location: 2F 0-2: Ground out 5-3 (Groundball, 5S)
|
Batting: RHB Luis Suárez
|
0-0: Ball 1-0: Called Strike 1-1: Ball 2-1: Swinging Strike 2-2: Foul Ball, location: 2F 2-2: Ball 3-2: Strikes out swinging
|
Batting: LHB Fred Abrams
|
0-0: Called Strike 0-1: SINGLE (Line Drive, 89M)
|
Pinch Hitting: LHB Greg Nelson
|
0-0: Called Strike 0-1: Ball 1-1: Ground out U3 (Groundball, 3S)
|
Top of the 7th over - 0 runs, 1 hit, 0 errors, 1 left on base; Austin 3 - St Charles 1 |
BOTTOM OF THE 7TH |
St Charles Sheens batting - Pitching for Austin River Sharks : RHP William Bryan
|
Pitching: RHP William Bryan
|
|
Now in RF: Greg Nelson
|
|
Batting: RHB Víctor Arredondo
|
0-0: Foul Ball, location: 2F 0-1: Foul Ball, location: 2F 0-2: Ball 1-2: Foul Ball, location: 2F 1-2: Fly out, F6 (Flyball, 6D)
|
Batting: RHB Rob Brady
|
0-0: Ground out 4-3 (Groundball, 4)
|
Pitching: LHP Manuel Gil
|
|
Batting: LHB Nick Gamble
|
0-0: Called Strike 0-1: Swinging Strike 0-2: Ball 1-2: Foul Ball, location: 2F 1-2: Ball 2-2: Strikes out swinging
|
Bottom of the 7th over - 0 runs, 0 hits, 0 errors, 0 left on base; Austin 3 - St Charles 1 |
TOP OF THE 8TH |
Austin River Sharks batting - Pitching for St Charles Sheens : RHP Augusto Herrera
|
Pinch Hitting: LHB Enrico Vargas
|
0-0: Fly out, F4 (Popup, 34)
|
Pinch Hitting: LHB Edgar López
|
0-0: Called Strike 0-1: Fly out, F3 (Line Drive, 34D)
|
Pinch Hitting: LHB José Liñares
|
0-0: Swinging Strike 0-1: Swinging Strike 0-2: Foul Ball, location: 2F 0-2: DOUBLE (Line Drive, 9LM)
|
Batting: RHB Ismael Ortíz
|
0-0: Called Strike 0-1: Ball 1-1: Ball 2-1: Called Strike 2-2: Ball 3-2: Base on Balls
|
Pinch Hitting: RHB Edward Young
|
0-0: Ball 1-0: Foul Ball, location: 2F 1-1: Ball 2-1: Foul Ball, location: 2F 2-2: Foul Ball, location: 2F 2-2: Foul Ball, location: 2F 2-2: Strikes out swinging
|
Top of the 8th over - 0 runs, 1 hit, 0 errors, 2 left on base; Austin 3 - St Charles 1 |
BOTTOM OF THE 8TH |
St Charles Sheens batting - Pitching for Austin River Sharks : LHP Manuel Gil
|
Pitching: RHP Hiroshige Yamada
|
|
Now at 1B: Edward Young
|
|
Now at 2B: Edgar López
|
|
Now at SS: José Liñares
|
|
Now in LF: Enrico Vargas
|
|
Batting: RHB Ryan Parrish
|
0-0: Called Strike 0-1: Foul Ball, location: 2F 0-2: Ball 1-2: Fly out, F6 (Popup, 6MD)
|
Batting: RHB Clarence Harrison
|
0-0: SINGLE (Line Drive, 78S)
|
Batting: RHB Lúcio Alfaro
|
0-0: Ball 1-0: Called Strike 1-1: Grounds into double play, 5-4-3 (Groundball, 5)
|
Bottom of the 8th over - 0 runs, 1 hit, 0 errors, 0 left on base; Austin 3 - St Charles 1 |
TOP OF THE 9TH |
Austin River Sharks batting - Pitching for St Charles Sheens : RHP Augusto Herrera
|
Pinch Hitting: RHB Tony Cruz
|
0-0: Ground out 6-3 (Groundball, 6)
|
Pinch Hitting: RHB Todd Bryant
|
0-0: Foul Ball, location: 2F 0-1: Ball 1-1: Called Strike 1-2: Ball 2-2: Strikes out looking
|
Batting: LHB Fred Abrams
|
0-0: Ball 1-0: Swinging Strike 1-1: Called Strike 1-2: Ground out 5-3 (Groundball, 56)
|
Top of the 9th over - 0 runs, 0 hits, 0 errors, 0 left on base; Austin 3 - St Charles 1 |
BOTTOM OF THE 9TH |
St Charles Sheens batting - Pitching for Austin River Sharks : RHP Hiroshige Yamada
|
Pitching: RHP Paco Gutiérrez
|
|
Now at 1B: Tony Cruz
|
|
Now at 3B: Johnny Hawson
|
|
Pinch Hitting: RHB Judson Backstrom
|
0-0: Ball 1-0: Fly out, F8 (Flyball, 8RS)
|
Batting: RHB Ramón Molina
|
0-0: Foul Ball, location: 2F 0-1: Foul Ball, location: 2F 0-2: Strikes out swinging
|
Pinch Hitting: RHB Miguel Palácios
|
0-0: Swinging Strike 0-1: Ball 1-1: Foul Ball, location: 2F 1-2: SINGLE (Line Drive, 3D)
|
Pinch Hitting: LHB Larry Howard
|
0-0: Called Strike 0-1: Called Strike 0-2: Ball 1-2: Strikes out swinging
|
Bottom of the 9th over - 0 runs, 1 hit, 0 errors, 1 left on base; Austin 3 - St Charles 1 |
|